 Dungeon Crawl Stone Soup version 0.29.0-4-gdea44cf6ec (webtiles) character file.

Game seed: 1606637616292759048

23 qw the Chopper (level 2, -4/17 HPs)
             Began as a Tengu Warper on Aug 28, 2022.
             Slain by a goblin
             ... wielding a +0 club
             ... led by Robin
              (5 damage)
             ... on level 2 of the Dungeon.
             The game lasted 00:00:04 (943 turns).

qw the Chopper (Tengu Warper)                        Turns: 943, Time: 00:00:05

Health: -4/17      AC:  3    Str: 11    XL:     2   Next: 95%
Magic:  6/6        EV: 11    Int: 13    God:
Gold:   103        SH:  0    Dex: 13    Spells: 5/5 levels left

rFire   . . .      SeeInvis .   Y - +0 hand axe
rCold   . . .      Faith    .   (no shield)
rNeg    . . .      Spirit   .   b - +0 leather armour
rPois   .          Reflect  .   (helmet restricted)
rElec   .          Harm     .   (no cloak)
rCorr   .          Rampage  .   (no gloves)
Will    .....                   (boots unavailable)
Stlth   +.........              (no amulet)
HPRegen 0.05/turn               (no ring)
MPRegen 0.10/turn               (no ring)

@: no status effects
A: beak, talons 3
a: no special abilities


You were on level 2 of the Dungeon.
You visited 1 branch of the dungeon, and saw 2 of its levels.

You collected 103 gold pieces.


Innate Abilities, Weirdness & Mutations

You have a beak for a mouth.
You have claws for feet.


   Skills:
 - Level 2.0 Fighting
 + Level 3.7 Axes
 - Level 1.0 Throwing
 - Level 1.1 Armour
 - Level 2.1 Dodging
 - Level 2.0 Spellcasting
 - Level 2.4 Translocations


You had 5 spell levels left.
You didn't know any spells.
Your spell library contained the following spells:

 Spells                   Type           Power      Damage    Failure   Level
 Blink                    Tloc           14%        N/A       19%         2
 Gell's Gravitas          Tloc           7%         N/A       36%         3
 Lesser Beckoning         Tloc           7%         N/A       36%         3
 Teleport Other           Tloc           7%         N/A       36%         3
 Manifold Assault         Tloc           7%         N/A       98%         5

Inventory:

Hand Weapons
 l - a +0 flail
 Y - a +0 hand axe (weapon)
Armour
 b - a +0 leather armour (worn)
Scrolls
 f - a scroll of identify
Potions
 g - a potion of haste {unknown}
 h - a potion of mutation {unknown}
 i - a potion of brilliance {unknown}
 m - a potion of flight {unknown}

Dungeon Overview and Level Annotations

Branches:
Dungeon (2/15)

Altars:

Annotations:
D:2 Robin


Message History

The goblin barely misses you. The goblin closely misses you. x2
The goblin barely misses you.
A goblin comes into view. It is wielding a +0 club.
You hit the goblin.
You kill the goblin!
You completely miss the goblin. You hit the goblin.
You kill the goblin!
You barely miss the goblin. The goblin hits you but does no damage.
You hit Robin but do no damage. You claw Robin. Your peck misses Robin.
Robin is moderately wounded.
You closely miss the goblin. You hit the goblin.
You kill the goblin!
Robin throws the goblin at you! The goblin completely misses you.
You hit Robin. You claw Robin, but do no damage.
Robin is moderately wounded.
You hit the goblin. You completely miss the goblin.
The goblin closely misses you. Robin throws the goblin at you!
The goblin hits you with a +0 club. The goblin hits you but does no damage.
You hit Robin but do no damage. Your kick misses Robin. You peck Robin.
Robin is heavily wounded.
You closely miss the goblin. You barely miss the goblin. x2
The goblin closely misses you. Robin throws the goblin at you!
The goblin hits you but does no damage. The goblin closely misses you.
You hit Robin but do no damage.
Robin is heavily wounded.
You hit the goblin.
You barely miss the goblin. x2; You hit the goblin.
The goblin hits you with a +0 club. x2; Robin throws the goblin at you!
The goblin hits you but does no damage. The goblin hits you with a +0 dagger.
You hit Robin but do no damage. You claw Robin.
Robin is almost dead.
You hit the goblin.
You kill the goblin!
You hit the goblin.
You kill the goblin!
You closely miss the goblin. x2
Robin roars a battlecry!
The goblins go into a battle-frenzy!
The goblin hits you with a +0 club.
You die...

#.#.# ....#
.#.# ....#
..+.....#
##.#....##
##........#
#...#####.#
#..#....#
#g)#.##.#
#@)#.#<.#
#.....g)g#.####
##..####.#.. ..
..### ..# .# ##


You could see Robin and 2 goblins.

Vanquished Creatures
  A bat (D:1)
  An endoplasm (D:1)
  A giant cockroach (D:1)
  8 goblins
  A hobgoblin (D:1)
  2 jackals (D:1)
  A quokka (D:1)
  3 ball pythons (D:1)
  2 frilled lizards (D:1)
  A rat (D:1)
21 creatures vanquished.

Notes
Turn   | Place    | Note
-------+----------+-------------------------------------------
     0 | D:1      | qw the Tengu Warper began the quest for the Orb.
     0 | D:1      | Reached XP level 1. HP: 12/12 MP: 4/4
     0 | D:1      | 0 ||| qw: Version: 0.1-a-89-g26bdef1
     0 | D:1      | 0 ||| qw: Game counter: 2391
     0 | D:1      | 0 ||| qw: Always use a shield: true
     0 | D:1      | 0 ||| qw: God list: Okawaru
     0 | D:1      | 0 ||| qw: Allow faded altars: false
     0 | D:1      | 0 ||| qw: Do Orc after D:15 true
     0 | D:1      | 0 ||| qw: Do second Lair branch before Depths: true
     0 | D:1      | 0 ||| qw: Lair rune preference: random
     0 | D:1      | 0 ||| qw: Plans: Normal
     0 | D:1      | 0 ||| PLANNING D:1-11
   130 | D:1      | Reached XP level 2. HP: 16/17 MP: 6/6
   173 | D:1      | Reached skill level 3 in Axes
   792 | D:1      | 792 ||| DROPPING +0 mace.
   874 | D:1      | 874 ||| READING scroll labelled VYGIET ITUSH.
   875 | D:1      | 875 ||| READING scroll labelled MOORO YRAGRAC.
   876 | D:1      | 876 ||| READING 2 scrolls labelled DOLUIHEISO.
   877 | D:1      | 877 ||| READING scroll labelled CYAROESEIGG.
   878 | D:1      | 878 ||| READING scroll labelled ELIZE NASASYO.
   879 | D:1      | 879 ||| DROPPING scroll of blinking.
   932 | D:2      | Identified the +1 helmet of Zivah {rElec rF+ MP+9}
   932 | D:2      | Noticed Robin
   933 | D:2      | 933 ||| Stepping ~*~*~tactically~*~*~ (stealth).
   942 | D:2      | HP: 3/17 [Robin/goblin (2)]
   942 | D:2      | HP: 1/17 [goblin/+0 dagger[Robin] (2)]
   943 | D:2      | Slain by a goblin

Levels and vault maps discovered:
D:1:      spicycebolla_arrival_xxxplode, layout_basic
D:2:      layout_basic, basic_altar, shapermc_ecumenical_altar_rom_forum,
          uniq_robin

Skill      XL: |  1  2 |
---------------+-------+-----
Axes           | 3 |  3.7
Fighting       | |  2.0
Throwing       | |  1.0
Armour         | |  1.1
Dodging        | |  2.1
Spellcasting   | |  2.0
Translocations | |  2.4

Action                   || total
-------------------------++-------
Melee: Hand axe          ||    33
       Kick              ||    12
       Peck              ||     2
       Punch             ||     1
Throw: Boomerang         ||     7
  Use: Scroll            ||     5
Armor: Leather armour    ||    10
Dodge: Dodged            ||    17

Table legend:
 A = Non-vault XP
 B = Vault XP
 C = Vault XP percentage of total XP
 D = Non-vault monster count
 E = Vault monster count
 F = Vault count percentage of total count
                 A         B        C        D         E       F
            +---------+---------+-------+---------+---------+-------
      Total |      27 |      10 |  27.0 |      16 |       5 |  23.8
            +---------+---------+-------+---------+---------+-------
        D:1 |      27 |       0 |   0.0 |      16 |       0 |   0.0
        D:2 |       0 |      10 | 100.0 |       0 |       5 | 100.0
            +---------+---------+-------+---------+---------+-------
